 Dungeon Crawl Stone Soup version 0.23.0-42-geed6394480 (webtiles) character file.

Game seed: 13832005647097392739

55 Descartes the Sneak (level 3, 0/17 HPs)
             Began as a Vine Stalker Enchanter on Mar 1, 2019.
             Slain by Crazy Yiuf
             ... wielding a +3 quarterstaff of chaos
              (2 damage)
             ... on level 2 of the Dungeon.
             The game lasted 00:03:49 (1941 turns).

Descartes the Sneak (Vine Stalker Enchanter)        Turns: 1941, Time: 00:03:51

Health: 0/17       AC:  3    Str: 10    XL:     3   Next: 93%
Magic:  0/7        EV: 12    Int: 15    God:
Gold:   24         SH:  0    Dex: 17    Spells: 1/7 levels left

rFire    . . .     SeeInvis .   a - +1 dagger
rCold    . . .     Gourm    .   (no shield)
rNeg     . . .     Faith    .   j - +0 leather armour
rPois    .         Spirit   +   (no helmet)
rElec    .         Reflect  .   (no cloak)
rCorr    .         Harm     .   (no gloves)
MR       .....                  (no boots)
Stlth    +++.......             (no amulet)
HPRegen  0.05/turn              (no ring)
MPRegen  0.10/turn              (no ring)

@: lethally poisoned (0 -> -27), lightly drained
A: fangs 2, agile 1, blink, magic shield, antimagic bite, no potion heal 3, rot
immunity
a: Blink


You were on level 2 of the Dungeon.
You were not hungry.

You visited 1 branch of the dungeon, and saw 2 of its levels.

You collected 24 gold pieces.

Inventory:

Hand Weapons
 a - a +1 dagger (weapon)
 n - a +0 rapier of venom
Missiles
 c - 22 arrows
Armour
 b - a +0 robe
 j - a +0 leather armour (worn)
Scrolls
 e - a scroll of identify
 f - a scroll of random uselessness {unknown}
 h - a scroll of immolation {unknown}
 i - a scroll of teleportation {unknown}
 l - 2 scrolls of fear {unknown}
Potions
 m - a potion of agility
Comestibles
 d - 3 rations


   Skills:
 + Level 0.7(0.4) Fighting
 + Level 1.1(0.9) Short Blades
 + Level 1.7(1.5) Dodging
 * Level 4.3(4.0) Stealth
 * Level 1.1(0.8) Unarmed Combat
 * Level 2.6(2.3) Spellcasting
 * Level 0.1(0.0) Conjurations
 * Level 3.2(2.9) Hexes
 * Level 0.2(0.0) Ice Magic


You had one spell level left.
You knew the following spells:

 Your Spells              Type           Power        Failure   Level  Hunger
a - Corona                Hex            ##.....      9%          1    #......
b - Ensorcelled Hibernat  Hex/Ice        #.....       24%         2    ###....
c - Dazzling Spray        Conj/Hex       #.....       43%         3    ###....

Your spell library contained the following spells:

 Spells                   Type           Power        Failure   Level  Hunger
 Confuse                  Hex            ##......     26%         3    ###....
 Tukima's Dance           Hex            ##......     26%         3    ###....


Dungeon Overview and Level Annotations

Branches:
Dungeon (2/15)

Altars:

Annotations:
D:2 Crazy Yiuf


Innate Abilities, Weirdness & Mutations

You have extremely sharp teeth.
When hurt, damage is shared between your health and your magic reserves.
Your bite disrupts and absorbs the magic of your enemies.
Potions cannot restore your health.
You are immune to rotting.
You are agile. (Dex +2)
You can translocate small distances at will.


Message History

As you read the scroll of identify, it crumbles to dust.
n - a +0 rapier of venom Really quaff the potion of mutation?
You feel extremely strange.
You feel agile.
You feel weaker.
You feel stronger.
You feel jittery.
All of the chunks of flesh in your inventory have rotted away.
Found a mace.
Found a runed translucent door.
Crazy Yiuf shouts!
Crazy Yiuf cries, "Lugonu poople verde!"
You open the door.
Crazy Yiuf hits you with a +3 quarterstaff of chaos!
Ouch! That really hurt!
You are lethally poisoned!
There is an open translucent door, spattered with blood here.
You hit Crazy Yiuf but do no damage.
* * * LOW HITPOINT WARNING * * *
You feel sick.
Crazy Yiuf hits you with a +3 quarterstaff of chaos.
* * * LOW HITPOINT WARNING * * *
You feel drained.
You die...

#.#.##...... #.#.##...###
#.#.###### # ###.# #.#
######## #.# ##....#.###
#### #.#
##......#..##...# #.###
#......####.@g..# ##...#
#.....## ###..)# #....#
#.##### #### #....# #.#
#....# #.# #....# #.#
##########....##
#.########..............#
#.......................#
##########........#######


You could see Crazy Yiuf.

Vanquished Creatures
  An adder (D:2)
  4 dart slugs (D:1)
  2 leopard geckos (D:1)
  3 bats (D:1)
  3 giant cockroaches
  4 goblins
  5 hobgoblins (D:1)
  A ball python (D:1)
  7 kobolds
  4 rats (D:1)
34 creatures vanquished.

Notes
Turn   | Place    | Note
-------+----------+-------------------------------------------
     0 | D:1      | Descartes the Vine Stalker Enchanter began the quest for
                  | the Orb.
     0 | D:1      | Reached XP level 1. HP: 9/9 MP: 4/4
    41 | D:1      | Reached skill level 1 in Short Blades
   119 | D:1      | Reached XP level 2. HP: 13/13 MP: 6/6
   489 | D:1      | Reached skill level 4 in Stealth
   833 | D:1      | Reached XP level 3. HP: 10/17 MP: 5/7
  1481 | D:1      | Learned a level 2 spell: Ensorcelled Hibernation
  1485 | D:1      | Learned a level 3 spell: Dazzling Spray
  1610 | D:2      | Reached skill level 1 in Unarmed Combat
  1899 | D:2      | Gained mutation: You are agile. (Dex +2) [potion of
                  | mutation]
  1899 | D:2      | Gained mutation: You are weak. (Str -2) [potion of
                  | mutation]
  1899 | D:2      | Lost mutation: You are weak. (Str -2) [potion of mutation]
  1899 | D:2      | Gained mutation: You can translocate small distances at
                  | will. [potion of mutation]
  1935 | D:2      | Found a runed translucent door.
  1936 | D:2      | Noticed Crazy Yiuf
  1941 | D:2      | Slain by Crazy Yiuf

Skill      XL: |  1  2  3 |
---------------+----------+-----
Short Blades   | 1 |  1.1
Stealth        | 4 |  4.3
Unarmed Combat | 1 |  1.1
Fighting       | |  0.7
Dodging        | |  1.7
Spellcasting   | |  2.6
Conjurations   | |  0.1
Hexes          | |  3.2
Ice Magic      | |  0.2

Action                   || total
-------------------------++-------
Melee: Dagger            ||   105
       Bite              ||    25
       Punch             ||     1
 Cast: Ensorcelled Hiber ||     1
  Use: Scroll            ||     3
       Potion            ||     1
 Stab: Sleeping          ||    12
  Eat: Chunk             ||     3
Armor: Robe              ||    16
       Leather armour    ||     4
Dodge: Dodged            ||    48
